AoeStats
← epic shit

Arena

510384289Analyzed
3v3 RM · 16h ago on Sep 30, 2026· 35m 40s· 6 players
Game mode
Random Map
Map size
Normal (6 player)
Population
200
Speed
Normal
Resources
Standard
Victory
Conquest
Starting age
Dark Age
Ending age
Imperial Age
RankedLock teamsTeams togetherTeam positionsShared explorationLock speedFull tech treeHidden civsTurbo modeCheats
Victory
Defeat
🇮🇹 Cumans · Italy
1110
+14
🇮🇹 Danes · Italy
1033
+18
🇮🇹 Persians · Italy
899
+23
🇲🇽 Jurchens · Mexico
1185
-24
🇨🇱 Varangians · Chile
1069
-18
🇦🇷 Franks · Argentina
946
-13
Angrboda1651
10:03 Feudal Age
11:33 Double-Bit Axe
11:54 Horse Collar
21:14 Castle Age
19:07 Gold Mining
20:11 Wheelbarrow
21:03 Scale Barding Armor
21:09 Forging
21:25 Bloodlines
21:57 Loom
22:39 Bow Saw
23:31 Iron Casting
24:38 Gold Shaft Mining
27:21 Chain Barding Armor
32:40 Imperial Age
32:47 Heresy
32:56 Hand Cart
32:34 Stone Mining
32:07 Light Cavalry
33:45 Fletching
33:55 Padded Archer Armor
34:32 Hussar
35:51 Plate Barding Armor
36:16 Blast Furnace
35:12 Bodkin Arrow
35:33 Leather Archer Armor
35:22 Town Watch
35:22 Elite Kipchak
Gori91
10:57 Feudal Age
15:39 Castle Age
14:30 Double-Bit Axe
14:38 Horse Collar
19:53 Loom
24:27 Gold Mining
25:51 Bow Saw
25:59 Heavy Plow
30:35 Kamandaran
33:09 Imperial Age
31:54 Scale Barding Armor
32:10 Elite Skirmisher
32:11 Crossbowman
34:03 Scale Mail Armor
34:25 Chain Barding Armor
34:26 Forging
35:39 Two-Man Saw
35:30 Caravan
Ottone il Grande
11:54 Feudal Age
13:52 Double-Bit Axe
13:50 Horse Collar
14:06 Gold Mining
16:34 Castle Age
15:22 Loom
21:48 Fletching
31:07 Imperial Age
29:40 Bow Saw
29:33 Heavy Plow
29:45 Bodkin Arrow
29:50 Padded Archer Armor
29:51 Scale Mail Armor
30:01 Forging
33:06 Chain Mail Armor
33:26 Iron Casting
32:39 Gambesons
32:55 Squires
32:41 Arson
36:03 Iron Casting
NightPlane492
12:26 Feudal Age
11:26 Loom
16:11 Castle Age
16:03 Loom
16:56 Wheelbarrow
27:19 Pikeman
28:00 Squires
29:40 Bloodlines
epic shit
10:14 Feudal Age
10:40 Loom
14:30 Castle Age
14:11 Double-Bit Axe
30:43 Fletching
35:09 Imperial Age
34:43 Gold Mining
GDN_dgascogne
11:13 Feudal Age
17:43 Castle Age
15:31 Loom
18:37 Double-Bit Axe
19:50 Bow Saw
22:19 Scale Barding Armor
24:50 Fervor
24:38 Pikeman
25:19 Squires
26:00 Gold Mining
26:00 Stone Mining
26:07 Stone Mining
28:48 Gambesons
35:07 Chain Barding Armor
34:58 Forging
35:42 Scale Mail Armor
35:56 Forging
Connection lost

Rejoining the realm…

Still unreachable

The connection could not be restored.

Session expired

The server has moved on; the page needs a fresh start.